 Dungeon Crawl Stone Soup version 0.17.1-3-g152610e (webtiles) character file.

1550 Lusmu the Firebug (level 8, 0/62 HPs)
             Began as a Demonspawn Fire Elementalist on Mar 15, 2016.
             Slain by LonesomeOreo's ghost (10 damage)
             ... on level 6 of the Dungeon.
             The game lasted 00:52:51 (9865 turns).

Lusmu the Firebug (Demonspawn Fire Elementalist)    Turns: 9865, Time: 00:52:51

Health: 0/62       AC: 10    Str: 10    XL:     8   Next: 57%
Magic:  0/11       EV: 13    Int: 16    God:
Gold:   293        SH:  0    Dex: 13    Spells: 2 memorised, 7 levels left

rFire  . . .     SeeInvis .     o - +0 spear
rCold  + . .     Clarity  .     a - +0 robe
rNeg   . . .     SustAt   .     (no shield)
rPois  +         Gourm    .     (helmet restricted)
rElec  .         Spirit   +     A - +0 cloak
rCorr  .         Warding  .     (no gloves)
rMut   .         Stasis   .     (no boots)
MR     .....                    (no amulet)
Stlth  ++........               u - ring of protection from cold
                                r - ring of poison resistance

@: drained, not resistant to hostile enchantments, unstealthy
A: antennae 2, rough black scales 2, magic shield
a: no special abilities


You were on level 6 of the Dungeon.
You were not hungry.

You visited 2 branches of the dungeon, and saw 7 of its levels.

You collected 293 gold pieces.

Inventory:

Hand Weapons
 i - a +1 dagger of venom
 l - a +1 spear
 o - a +0 spear (weapon)
Missiles
 e - 61 poisoned needles
Armour
 a - a +0 robe (worn)
 A - a +0 cloak (worn)
Jewellery
 f - an uncursed ring of flight
 r - a ring of poison resistance (left hand)
 t - an uncursed ring of protection from cold
 u - a ring of protection from cold (right hand)
Wands
 C - a wand of draining (5)
Scrolls
 j - 2 scrolls of random uselessness {unknown}
 m - 2 scrolls of magic mapping
 n - a scroll of remove curse
 s - 3 scrolls of immolation {unknown}
 v - 2 scrolls of enchant armour {unknown}
 y - a scroll of noise {unknown}
 B - a scroll of amnesia {unknown}
Potions
 d - 2 potions of degeneration {unknown}
 g - a potion of berserk rage {unknown}
 h - 2 potions of might
 k - 3 potions of invisibility {unknown}
 q - a potion of haste
 w - 4 potions of flight
 x - a potion of agility
 z - 2 potions of curing
Books
 b - a book of Flames

   Spells                             Type                      Level
   a - Flame Tongue                   Conjuration/Fire             1
   b - Throw Flame                    Conjuration/Fire             2
   c - Conjure Flame                  Conjuration/Fire             3
   d - Inner Flame                    Hexes/Fire                   3
   e - Sticky Flame                   Conjuration/Fire             4
   f - Fireball                       Conjuration/Fire             5
Comestibles
 c - 3 bread rations
 p - a meat ration


   Skills:
 - Level 5.1(4.8) Fighting
 + Level 1.8(1.5) Polearms
 * Level 3.6(3.3) Dodging
 - Level 1.7(1.4) Stealth
 - Level 2.0(1.7) Spellcasting
 + Level 5.7(5.4) Conjurations
 - Level 6.1(5.8) Fire Magic


You had 7 spell levels left.
You knew the following spells:

 Your Spells              Type           Power        Failure   Level  Hunger
a - Flame Tongue          Conj/Fire      ###..        1%          1    ##.....
b - Conjure Flame         Conj/Fire      ###.....     8%          3    ####...


Dungeon Overview and Level Annotations

Branches:
Dungeon (6/15)             Temple (1/1) D:6

Altars:
Ashenzari
Cheibriados
Dithmenos
Elyvilon
Fedhas
Gozag
Makhleb
Nemelex Xobeh
Okawaru
Qazlal
Sif Muna
Vehumet
Xom
Yredelemnul
The Shining One

Annotations:
D:4 LonesomeOreo's ghost, weakling DsAs
D:6 exclusion: statue, LonesomeOreo's ghost, amateur MfGl


Innate Abilities, Weirdness & Mutations

You have a pair of antennae on your head.
You are mostly covered in rough black scales (AC +7, Dex -2).
When hurt, damage is shared between your health and your magic reserves.


Message History

Press: ? - help, Shift-Dir - straight line, f - LonesomeOreo's ghost
Aim: LonesomeOreo's ghost (moderately damaged)
The flame tongue hits LonesomeOreo's ghost.
LonesomeOreo's ghost is heavily damaged.
LonesomeOreo's ghost hits you.
* * * LOW HITPOINT WARNING * * *
Casting: Flame Tongue
Confirm with . or Enter, or press ? or * to list all spells.
Aiming: Flame Tongue
Press: ? - help, Shift-Dir - straight line, f/p - LonesomeOreo's ghost
Aim: LonesomeOreo's ghost (heavily damaged)
The flame tongue hits LonesomeOreo's ghost.
LonesomeOreo's ghost appears unharmed.
LonesomeOreo's ghost is heavily damaged.
LonesomeOreo's ghost hits you!
* * * LOW HITPOINT WARNING * * *
LonesomeOreo's ghost wails, "I have seen your future, and it is all used up."
Drink which item? (? for menu, Esc to quit)
It was a potion of curing.
You feel better. LonesomeOreo's ghost hits you!
You die...

##.###..# #...##.....###.
#.###<(# #.#####...## #. #......#
#.# ##.## #. ######.##
#.############' ## #.########
#..........##.. .## #.>......#
#.[#######.#... ..## #.#)####.#
#..#.### #.....
...###....###.#####).....###.....
...'............@W)........'.....
...###.(..###.######.>...###.....
..## #.#..# #.# #.#.#.###.....
.## #.##.# #.# #.........#<.. ##
#.##.###.# #####.######.. #
#......(.# #####.#### ##'
####.##### #........# #. #.#
#.###.##.# #. # #.# #.#
#.##.####.


You could see LonesomeOreo's ghost.

Vanquished Creatures
  Menkaure (D:4)
  An ogre (D:5)
  A centaur (D:6)
  A phantom (D:5)
  An ice beast (D:6)
  A giant frog (D:4)
  A water moccasin skeleton (D:6)
  A scorpion (D:6)
  3 wights (D:6)
  A centaur zombie (D:5)
  A jelly (D:6)
  2 orc priests
  3 worker ants
  4 hounds
  5 orc wizards
  A centaur skeleton (D:5)
  2 giant frog skeletons
  2 iguanas
  Robin (D:4)
  6 adders
  2 oozes
  An adder zombie (D:5)
  4 worms
  10 giant geckos
  23 orcs
  4 giant cockroaches
  8 goblins
  6 hobgoblins
  6 jackals
  4 quokkas
  2 ball pythons
  3 bats (D:1)
  2 giant gecko skeletons
  6 giant newts
  A jackal skeleton (D:4)
  12 kobolds
  3 quokka skeletons
  4 rats
  A plant (D:3)
141 creatures vanquished.

Vanquished Creatures (others)
  2 orcs (D:4)
2 creatures vanquished.

Grand Total: 143 creatures vanquished

Notes
Turn   | Place    | Note
--------------------------------------------------------------
     0 | D:1      | Lusmu the Demonspawn Fire Elementalist began the quest for the Orb.
     0 | D:1      | Reached XP level 1. HP: 13/13 MP: 3/3
   347 | D:1      | Reached skill level 1 in Fighting
   361 | D:1      | Gained mutation: You have a pair of small antennae on your head. [demonic ancestry]
   361 | D:1      | Reached XP level 2. HP: 19/21 MP: 5/5
   577 | D:2      | Found a shimmering altar of Xom.
  1203 | D:2      | Gained mutation: You are partially covered in rough black scales (AC +4, Dex -1). [demonic ancestry]
  1203 | D:2      | Reached XP level 3. HP: 23/26 MP: 6/6
  1412 | D:2      | Reached skill level 3 in Conjurations
  2155 | D:2      | Learned a level 3 spell: Conjure Flame
  2230 | D:2      | Reached XP level 4. HP: 23/33 MP: 7/7
  2598 | D:3      | Reached skill level 4 in Conjurations
  3190 | D:4      | Noticed Robin
  3199 | D:4      | Reached XP level 5. HP: 38/38 MP: 8/8
  3206 | D:4      | Killed Robin
  3420 | D:4      | Noticed Menkaure
  3881 | D:4      | Reached skill level 5 in Conjurations
  4105 | D:4      | Gained mutation: You have a pair of antennae on your head. [demonic ancestry]
  4105 | D:4      | Reached XP level 6. HP: 47/47 MP: 9/9
  4221 | D:4      | Noticed a phantom
  4771 | D:4      | Killed Menkaure
  5024 | D:4      | Found a sparkling altar of Nemelex Xobeh.
  5678 | D:4      | Gained mutation: When hurt, damage is shared between your health and your magic reserves. [demonic ancestry]
  5678 | D:4      | Reached XP level 7. HP: 46/53 MP: 5/10
  6126 | D:4      | Noticed a phantom
  6136 | D:4      | Noticed LonesomeOreo's ghost (weakling DsAs)
  6210 | D:5      | Entered Level 5 of the Dungeon
  6325 | D:5      | Found a burning altar of Makhleb.
  6622 | D:5      | Reached skill level 5 in Fire Magic
  7601 | D:6      | Reached skill level 5 in Fighting
  7601 | D:6      | Reached skill level 6 in Fire Magic
  7601 | D:6      | Gained mutation: You are mostly covered in rough black scales (AC +7, Dex -2). [demonic ancestry]
  7601 | D:6      | Reached XP level 8. HP: 33/62 MP: 4/11
  7954 | D:6      | Found a staircase to the Ecumenical Temple.
  7956 | D:6      | Noticed LonesomeOreo's ghost (amateur MfGl)
  8482 | D:6      | Reached skill level 1 in Polearms
  8732 | D:6      | Found a radiant altar of Vehumet.
  9118 | Temple   | Entered the Ecumenical Temple
  9865 | D:6      | Slain by LonesomeOreo's ghost

Action                   |  1- 3 |  4- 6 |  7- 9 || total
-------------------------+-------+-------+-------++-------
Melee: Dagger            |   114 |   267 |   171 ||   552
       Spear             |       |    14 |   298 ||   312
 Cast: Flame Tongue      |    14 |    15 |    52 ||    81
       Conjure Flame     |       |     2 |    13 ||    15
  Use: Scroll            |     3 |     5 |     3 ||    11
       Potion            |       |     2 |     1 ||     3
 Stab: Sleeping          |     3 |     1 |     5 ||     9
       Distracted        |     1 |     1 |       ||     2
  Eat: Chunk             |     4 |     3 |     6 ||    13
       Meat ration       |       |     1 |     1 ||     2
       Bread ration      |       |     1 |     1 ||     2
       Pizza             |       |       |     2 ||     2
